 Dungeon Crawl Stone Soup version 0.18.1-48-g4cf74bf (webtiles) character file.

371 TuxedoFelix the Shield-Bearer (level 6, -7/55 HPs)
             Began as a Minotaur Fighter on July 14, 2016.
             Was an Initiate of the Shining One.
             Killed from afar by TBriggs11TB's ghost (15 damage)
             ... with a bolt of negative energy
             ... on level 4 of the Dungeon.
             The game lasted 00:24:51 (3015 turns).

TuxedoFelix the Shield-Bearer (Minotaur Fighter)    Turns: 3015, Time: 00:24:52

Health: -7/55      AC: 12    Str: 28    XL:     6   Next: 42%
Magic:  5/5        EV:  7    Int:  5    God:    the Shining One [......]
Gold:   160        SH: 10    Dex:  9    Spells: 0 memorised, 5 levels left

rFire  + . .     SeeInvis .     a - +0 long sword
rCold  . . .     Gourm    .     v - +0 chain mail
rNeg   + . .     Faith    .     c - +0 shield
rPois  .         Spirit   .     (helmet restricted)
rElec  .         Dismiss  .     (no cloak)
rCorr  .         Reflect  .     (no gloves)
SustAt .         Harm     .     o - +2 pair of boots
MR     .....                    (no amulet)
Stlth  ..........               p - ring of protection from fire
                                h - ring of positive energy

@: mighty, glowing, drained, not resistant to hostile enchantments, extremely
unstealthy
A: retaliatory headbutt, horns 2
a: Renounce Religion


You were on level 4 of the Dungeon.
You worshipped the Shining One.
The Shining One was noncommittal.
You were not hungry.

You visited 1 branch of the dungeon, and saw 4 of its levels.

You collected 160 gold pieces.

Inventory:

Hand Weapons
 a - a +0 long sword (weapon)
Missiles
 s - a throwing net (quivered)
Armour
 c - a +0 shield (worn)
 o - a +2 pair of boots (worn)
 v - a +0 chain mail (worn)
Jewellery
 h - a ring of positive energy (left hand)
 p - a ring of protection from fire (right hand)
Scrolls
 b - a scroll of teleportation {unknown}
 e - a scroll of remove curse
 k - a scroll of random uselessness {unknown}
 m - a scroll of immolation {unknown}
 n - a scroll of fog {unknown}
 u - a scroll of fear {unknown}
 w - 5 scrolls of identify
 y - a scroll of blinking {unknown}
Potions
 d - a potion of might
 j - a potion of berserk rage {unknown}
 l - a potion of curing {unknown}
 r - a potion of cancellation {unknown}
 t - 2 potions of flight
 x - a potion of brilliance {unknown}
 z - a potion of cure mutation {unknown}
 A - a potion of heal wounds {unknown}
 B - a potion of mutation {unknown}
Comestibles
 f - 3 bread rations
 i - 4 fruits
 q - 2 beef jerkies


   Skills:
 + Level 4.8(3.9) Fighting
 + Level 3.9(3.0) Long Blades
 + Level 5.2(4.3) Armour
 + Level 2.5(1.7) Dodging
 + Level 5.5(4.6) Shields


You had 5 spell levels left.
You didn't know any spells.

Dungeon Overview and Level Annotations

Branches:
Dungeon (4/15)
 Temple: D:4-7

Altars:
The Shining One

Annotations:
D:4 TBriggs11TB's ghost, novice DrBe


Innate Abilities, Weirdness & Mutations

You reflexively headbutt those who attack you in melee.
You have a pair of horns on your head.


Message History

Your headbutt misses TBriggs11TB's ghost.
TBriggs11TB's ghost is heavily damaged.
You block TBriggs11TB's ghost's attack.
Your shield and chain mail prevent you from hitting TBriggs11TB's ghost.
TBriggs11TB's ghost is heavily damaged.
TBriggs11TB's ghost hits you.
* * * LOW HITPOINT WARNING * * *
You hit TBriggs11TB's ghost.
Your headbutt misses TBriggs11TB's ghost.
TBriggs11TB's ghost is heavily damaged.
TBriggs11TB's ghost whispers, "It is all a dream - a grotesque and foolish dream."
TBriggs11TB's ghost barely misses you. TBriggs11TB's ghost stares at you.
You block TBriggs11TB's ghost's attack.
You hit TBriggs11TB's ghost but do no damage.
Your headbutt misses TBriggs11TB's ghost.
TBriggs11TB's ghost is heavily damaged.
TBriggs11TB's ghost breathes negative energy at you.
The bolt of negative energy hits you! You partially resist.
You feel drained.
You die...

........# ........#
........# ........#
........# ........#
........# #.#
..#######W# #.#
..#######@## #.#
##..........#
###.###<..........#
..................#
..................#
..................#
...†..............#
###.###.#....###.##
....# #.###### #.#


You could see TBriggs11TB's ghost.

Vanquished Creatures
  Crazy Yiuf (D:2)
  Ijyb (D:3)
  Natasha (thrice) (D:3)
  Terence (D:2)
  6 gnolls
  5 adders
  An ooze (D:3)
  3 worms
  2 dart slugs (D:1)
  5 giant geckos
  An orc (D:3)
  6 bats
  4 giant cockroaches
  4 goblins
  15 hobgoblins
  6 jackals
  7 kobolds
  6 quokkas (D:2)
  A ball python (D:2)
  7 giant newts
  12 rats
97 creatures vanquished.

Vanquished Creatures (others)
  A plant (D:2)
1 creature vanquished.

Grand Total: 98 creatures vanquished

Notes
Turn   | Place    | Note
--------------------------------------------------------------
     0 | D:1      | TuxedoFelix the Minotaur Fighter began the quest for the Orb.
     0 | D:1      | Reached XP level 1. HP: 19/19 MP: 0/0
   182 | D:1      | Reached XP level 2. HP: 26/27 MP: 1/1
   659 | D:1      | Reached XP level 3. HP: 33/33 MP: 2/2
  1141 | D:2      | Noticed Terence
  1151 | D:2      | Killed Terence
  1151 | D:2      | Reached skill level 1 in Dodging
  1246 | D:2      | Reached XP level 4. HP: 41/41 MP: 3/3
  1429 | D:2      | Found a glowing golden altar of the Shining One.
  1480 | D:2      | Became a worshipper of the Shining One
  1765 | D:2      | Noticed Crazy Yiuf
  1773 | D:2      | Killed Crazy Yiuf
  1773 | D:2      | Reached XP level 5. HP: 38/47 MP: 4/4
  2053 | D:3      | Noticed Ijyb
  2055 | D:3      | Noticed Natasha
  2064 | D:3      | Killed Ijyb
  2073 | D:3      | Killed Natasha
  2073 | D:3      | Reached skill level 5 in Shields
  2237 | D:3      | Noticed Natasha
  2244 | D:3      | Killed Natasha
  2359 | D:3      | Noticed Natasha
  2368 | D:3      | Killed Natasha
  2368 | D:3      | Reached skill level 5 in Armour
  2368 | D:3      | Reached XP level 6. HP: 49/53 MP: 5/5
  2973 | D:4      | Noticed TBriggs11TB's ghost (novice DrBe)
  3015 | D:4      | Killed from afar by TBriggs11TB's ghost

Skill      XL: |  1  2  3  4  5 |
---------------+----------------+-----
Fighting       | 4 |  4.8
Shields        | 4 5 |  5.5
Armour         | 4 5 |  5.2
Dodging        | 1 2 |  2.5
Long Blades    | 3 |  3.9

Action                   |  1- 3 |  4- 6 || total
-------------------------+-------+-------++-------
Melee: Long sword        |    68 |   188 ||   256
       Headbutt          |     4 |    31 ||    35
  Use: Scroll            |       |     3 ||     3
       Potion            |       |     1 ||     1
  Eat: Meat ration       |     1 |     1 ||     2
Armor: Scale mail        |    41 |    14 ||    55
       Chain mail        |       |    57 ||    57
Dodge: Dodged            |    35 |    51 ||    86
Block: Shield            |    48 |   101 ||   149
